AoeStats
← Michi3052

Arabia

508254797Analyzed
1v1 RM · 11d ago on Sep 21, 2026· 27m 12s· 2 players
Game mode
Random Map
Map size
Tiny (2 player)
Population
200
Speed
Normal
Resources
Standard
Victory
Conquest
Starting age
Dark Age
Ending age
Imperial Age
RankedLock teamsTeams togetherTeam positionsShared explorationLock speedFull tech treeHidden civsTurbo modeCheats
Victory
Defeat
🇨🇿 Goths · Czechia
724
+37
🇪🇸 Britons · Spain
738
-17
Mistrmajstr
11:53 Loom
15:41 Feudal Age
15:58 Man-at-Arms
17:23 Double-Bit Axe
17:19 Horse Collar
18:00 Town Watch
20:43 Forging
23:14 Castle Age
22:11 Scale Mail Armor
23:17 Fletching
23:52 Elite Skirmisher
26:11 Iron Casting
Michi3052
8:44 Loom
10:36 Feudal Age
13:07 Double-Bit Axe
20:06 Castle Age
18:59 Padded Archer Armor
18:49 Fletching
20:24 Crossbowman
Connection lost

Rejoining the realm…

Still unreachable

The connection could not be restored.

Session expired

The server has moved on; the page needs a fresh start.